 Dungeon Crawl Stone Soup version 0.31-a0-233-g139696dc86 (webtiles) character file.

Game seed: 12854705348480212266

112 qw the Shooter (level 4, 0/26 HPs)
             Began as a Gargoyle Hexslinger on July 8, 2023.
             Slain by a gnoll
             ... wielding a +0 spear
              (2 damage)
             ... on level 3 of the Dungeon.
             The game lasted 00:00:36 (1916 turns).

qw the Shooter (Gargoyle Hexslinger)                Turns: 1916, Time: 00:00:36

Health: 0/26       AC:  9    Str: 12    XL:     4   Next: 93%
Magic:  5/5        EV: 10    Int: 13    God:
Gold:   72         SH:  0    Dex: 14    Spells: 4/5 levels left

rFire   . . .        Y - +0 arbalest
rCold   . . .        (shield currently unavailable)
rNeg    + . .        j - +0 ring mail
rPois   inf          (no helmet)
rElec   +            (no cloak)
rCorr   .            (no gloves)
SInv    .            (no boots)
Will    .....        (no amulet)
Stlth   +            (no ring)
HPRegen 0.24/turn    (no ring)
MPRegen 0.09/turn

%: no passive effects
@: no status effects
A: sickness immunity, AC +3, negative energy resistance 1, electricity
resistance, torment resistance 1, petrification resistance
a: no special abilities


You were on level 3 of the Dungeon.
You visited 1 branch of the dungeon, and saw 3 of its levels.

You collected 72 gold pieces.


Innate Abilities, Weirdness & Mutations

You are immune to sickness and miasma.
Your stone body is resilient. (AC +3)
You are immune to poison.
You resist negative energy. (rN+)
You are resistant to electric shocks. (rElec)
You are resistant to unholy torment.
You are immune to petrification.


   Skills:
 - Level 2.0 Fighting
 + Level 4.1 Ranged Weapons
 - Level 2.0 Armour
 - Level 1.5 Dodging
 - Level 1.0 Spellcasting
 - Level 2.6 Hexes


You had 4 spell levels left.
You knew the following spells:

 Your Spells              Type           Power      Damage    Failure   Level
a - Slow                  Hex            28%        N/A       21%         1

Your spell library contained the following spells:

 Spells                   Type           Power      Damage    Failure   Level
 Inner Flame              Hex/Fire       4%         N/A       71%         3
 Portal Projectile        Hex/Tloc       8%         N/A       71%         3
 Cause Fear               Hex            3%         N/A       90%         4

Inventory:

Hand Weapons
 Y - a +0 arbalest (weapon)
Armour
 j - a +0 ring mail (worn)
 k - a +0 cloak
Scrolls
 b - a scroll of identify
 c - a scroll of amnesia {unknown}
Potions
 a - a potion of enlightenment {unknown}
 d - a potion of heal wounds {unknown}
 e - a potion of lignification {unknown}
 f - a potion of degeneration {unknown}
 g - a potion of haste {unknown}
 h - a potion of resistance {unknown}
 i - a potion of mutation {unknown}
 l - a potion of berserk rage {unknown}
 m - a potion of brilliance {unknown}

Dungeon Overview and Level Annotations

Branches:
Dungeon (3/15)

Altars:
Xom

Shops:
D:1 !


Message History

You shoot a bolt. The bolt closely misses the orc priest.
A gnoll comes into view. It is wielding a +0 whip.
The gnoll hits you from afar with a +0 halberd!
The orc priest closely misses you.
The orc priest hits you with a +0 hand axe.
The gnoll barely misses you.
You shoot a bolt. The bolt hits the orc priest.
The orc priest is lightly wounded.
You hear a shout!
A gnoll comes into view. It is wielding a +0 spear.
The gnoll closely misses you.
The orc priest looks braver for a moment.
The orc priest hits you with a +0 hand axe.
You shoot a bolt. The bolt closely misses the orc priest.
The orc priest hits you but does no damage.
An orc comes into view.
It is wielding a +1 short sword of electrocution.
You shoot a bolt. The bolt barely misses the orc priest.
The gnoll hits you but does no damage. x2; The orc priest barely misses you.
The gnoll hits you but does no damage.
The orc priest hits you but does no damage.
An orc comes into view. It is wielding a +0 mace.
An orc comes into view.
It is wielding a +1 hand axe of flaming.
The gnoll hits you with a +0 whip. The gnoll barely misses you.
You shoot a bolt. The orc shouts! x2
The bolt hits the orc priest!
The orc priest is almost dead.
The gnoll hits you but does no damage. The gnoll closely misses you.
The gnoll barely misses you.
The orc priest calls down the wrath of Beogh upon you.
Pain shoots through your body! The orc priest closely misses you.
A gnoll comes into view. It is wielding a +0 flail.
The gnoll hits you from afar with a +0 spear.
The gnoll barely misses you. The gnoll hits you with a +0 whip.
You shoot a bolt. The bolt hits the orc priest!
You kill the orc priest!
The gnoll barely misses you. The gnoll misses you.
The gnoll closely misses you. The orc barely misses you.
The gnoll hits you from afar with a +0 spear.
You die...

.................#
###...##########.#
####.## #.# .....#
#.# .)...# #.#
.....###... #.#
.........# #.#
.....###... #.###
.....# . #@..#
##.### #...og..#
..... ....####gg#
##..## ##


oo# #..# g.# #..# ... #... #### You could see 4 gnolls and 3 orcs.

Vanquished Creatures
  An orc priest (D:3)
  Natasha (D:2)
  Terence (D:2)
  A gnoll (D:1)
  A worm (D:2)
  2 dart slugs
  An orc (D:3)
  6 bats
  4 endoplasms
  A giant cockroach (D:1)
  6 goblins
  4 hobgoblins
  3 kobolds
  3 quokkas
  2 ball pythons (D:1)
  A frilled lizard (D:1)
  2 rats
40 creatures vanquished.

Notes
Turn   | Place    | Note
-------+----------+-------------------------------------------
     0 | D:1      | qw the Gargoyle Hexslinger began the quest for the Orb.
     0 | D:1      | Reached XP level 1. HP: 12/12 MP: 2/2
     0 | D:1      | 0 ||| qw: Version: 0.3-a-46-gb1f654a
     0 | D:1      | 0 ||| qw: Game counter: 3636
     0 | D:1      | 0 ||| qw: Melee chars always use a shield: true
     0 | D:1      | 0 ||| qw: God list: Okawaru
     0 | D:1      | 0 ||| qw: Allow faded altars: false
     0 | D:1      | 0 ||| qw: Do Orc after clearing Dungeon:15 true
     0 | D:1      | 0 ||| qw: Do second Lair branch before Depths: true
     0 | D:1      | 0 ||| qw: Lair rune preference: random
     0 | D:1      | 0 ||| qw: Goals: Normal
     0 | D:1      | 0 ||| PLANNING D:1-11
    99 | D:1      | Reached XP level 2. HP: 15/16 MP: 3/3
   135 | D:1      | Reached skill level 3 in Ranged Weapons
   253 | D:1      | Reached XP level 3. HP: 20/20 MP: 4/4
   271 | D:1      | Found Toujin's Distillery.
   283 | D:1      | 283 ||| SHOPLISTING 2 potions of curing (60 gold, have 23).
   283 | D:1      | 283 ||| SHOPLISTING potion of haste (100 gold, have 23).
   283 | D:1      | 283 ||| SHOPLISTING potion of heal wounds (50 gold, have
                  | 23).
   283 | D:1      | 283 ||| SHOPLISTING potion of resistance (100 gold, have
                  | 23).
   705 | D:1      | 705 ||| UPGRADING to +0 ring mail.
   715 | D:1      | 715 ||| DROPPING +0 robe.
   716 | D:1      | 716 ||| READING scroll labelled RUREYM KOUSTROO.
   717 | D:1      | 717 ||| READING scroll labelled YRIR VINIKKAGG.
   718 | D:1      | 718 ||| DROPPING scroll of poison.
   724 | D:2      | Found a shimmering altar of Xom.
   752 | D:2      | 752 ||| SWAPPING to +0 arbalest.
   757 | D:2      | 757 ||| DROPPING +1 sling.
  1147 | D:2      | Noticed Terence
  1153 | D:2      | Killed Terence
  1154 | D:2      | Reached skill level 4 in Ranged Weapons
  1154 | D:2      | Reached XP level 4. HP: 23/26 MP: 5/5
  1626 | D:2      | Noticed Natasha
  1631 | D:2      | Killed Natasha
  1663 | D:2      | 1663 ||| DROPPING +6 ring of intelligence.
  1664 | D:2      | 1664 ||| READING scroll labelled HASIRU UMENLOUVU.
  1665 | D:2      | 1665 ||| READING scroll labelled BUXKYE TOEBEI.
  1666 | D:2      | 1666 ||| READING scroll labelled SEMIOL CULEU.
  1915 | D:3      | HP: 5/26 [orc priest/nerve-wracking pain (3)]
  1915 | D:3      | HP: 2/26 [gnoll/+0 whip (2)]
  1916 | D:3      | Slain by a gnoll

Levels and vault maps discovered:
D:1:      sevenhm_arrival_forest_fort_small_6, layout_basic, serial_shops, shop,
          minmay_misc_feat_cross
D:2:      layout_basic, basic_altar, minmay_misc_feat_square,
          amcnicky_mini_pool_small, uniq_terence, uniq_natasha
D:3:      layout_loops_ring, serial_shops, shop, uniq_sigmund

Skill      XL: |  1  2  3  4 |
---------------+-------------+-----
Ranged Weapons | 3 4 |  4.1
Fighting       | 2 |  2.0
Armour         | 2 |  2.0
Dodging        | |  1.5
Spellcasting   | |  1.0
Hexes          | |  2.6

Action                     |  1- 3 |  4- 6 || total
---------------------------+-------+-------++-------
   Fire: Sling             |    74 |       ||    74
         Arbalest          |    25 |    35 ||    60
    Use: Scroll            |     2 |     3 ||     5
 Armour: Robe              |    18 |       ||    18
         Ring mail         |    14 |    13 ||    27
  Dodge: Dodged            |    35 |    21 ||    56

Table legend:
 A = Non-vault XP
 B = Vault XP
 C = Vault XP percentage of total XP
 D = Non-vault monster count
 E = Vault monster count
 F = Vault count percentage of total count
                 A         B        C        D         E       F
            +---------+---------+-------+---------+---------+-------
      Total |     126 |      75 |  37.3 |      38 |       2 |   5.0
            +---------+---------+-------+---------+---------+-------
        D:1 |      50 |       0 |   0.0 |      20 |       0 |   0.0
        D:2 |      26 |      75 |  74.3 |      13 |       2 |  13.3
        D:3 |      50 |       0 |   0.0 |       5 |       0 |   0.0
            +---------+---------+-------+---------+---------+-------
